 Dungeon Crawl Stone Soup version 0.27.1-33-g824d729ab1 (webtiles) character file.

Game seed: 17953128643433872192

19119 Cykl0x the Protected (level 12, 0/75 HPs)
             Began as a Gargoyle Transmuter on Dec 9, 2021.
             Was a Believer of the Shining One.
             Slain by a minotaur (14 damage)
             ... in a Gauntlet on Dec 10, 2021.
             The game lasted 00:36:34 (10048 turns).

Cykl0x the Protected (Gargoyle Transmuter)         Turns: 10048, Time: 00:36:34

Health: 0/75       AC: 18    Str: 19    XL:     12   Next: 65%
Magic:  21/22      EV: 13    Int: 14    God:    the Shining One [**....]
Gold:   1207       SH:  6    Dex: 10    Spells: 19/25 levels left

rFire    + . .     SeeInvis .   E - +6 falchion
rCold    . . .     Faith    .   v - +1 buckler
rNeg     + + +     Spirit   .   e - +0 steam dragon scales
rPois    ∞         Reflect  .   (helmet currently unavailable)
rElec    +         Harm     .   N - +1 cloak {Stlth+}
rCorr    .         Rampage  .   (no gloves)
Will     .....     NoTele   +   (boots currently unavailable)
Stlth    +.........             g - amulet of regeneration
HPRegen  1.22/turn              d - +4 ring of slaying
MPRegen  0.18/turn              u - ring of Traps {rF+ rN+}

@: appendages, glowing
A: horns 2, talons 2, sickness immunity, AC +8, negative energy resistance 1,
electricity resistance, torment resistance 1, petrification resistance
a: End Transformation, Renounce Religion, Divine Shield


You were in a Gauntlet.
You worshipped the Shining One.
The Shining One was pleased with you.
You had temporarily grown beastly horns and talons.
You visited 2 branches of the dungeon, and saw 12 of its levels.
You also visited: Bailey and Gauntlet.

You collected 1347 gold pieces.
You spent 140 gold pieces at shops.

Inventory:

Hand Weapons
 k - a +1 scimitar
 E - a +6 falchion (weapon)
Missiles
 b - 353 stones
 c - 31 boomerangs
 m - 4 throwing nets
 t - 2 curare-tipped darts
Armour
 a - a +0 robe
 e - +0 steam dragon scales (worn)
 f - a +3 leather armour
 v - a +1 buckler (worn)
 N - a +1 cloak of stealth (worn)
Jewellery
 d - a +4 ring of slaying (left hand)
 g - an amulet of regeneration (around neck)
 i - an amulet of reflection
 u - the ring of Traps (right hand) {rF+ rN+}
   (You found it on level 4 of the Dungeon)

   [ring of positive energy]

   rF:        It protects you from fire.
   rN:        It protects you from negative energy.
 D - a ring of protection from cold
 J - a ring of wizardry
 K - a +6 ring of intelligence
 M - the amulet "Tuirghoida" {Faith Fly rF+ Slay+3 Stlth+}
   (You found it in a Gauntlet)

   [amulet of faith]

   It allows you to gain divine favour quickly.
   Slay:      It affects your accuracy & damage with ranged weapons and melee
   (+3).
   rF:        It protects you from fire.
   Fly:       It grants you flight.
   Stlth:     It makes you more stealthy.
Wands
 o - a wand of paralysis (9)
 q - a wand of mindburst (20)
 w - a wand of polymorph (8)
 x - a wand of digging (5)
 A - a wand of flame (26)
 B - a wand of iceblast (7)
 C - a wand of acid (11)
Scrolls
 r - 4 scrolls of magic mapping
 y - a scroll of fear
 G - 4 scrolls of teleportation
 H - 4 scrolls of identify
Potions
 h - a potion of brilliance {unknown}
 j - 2 potions of haste
 l - 3 potions of mutation
 n - 3 potions of curing
 p - 2 potions of attraction
 s - 3 potions of degeneration
 z - 2 potions of ambrosia
 F - a potion of might
 I - 2 potions of flight {unknown}
 L - a potion of cancellation {unknown}


   Skills:
 * Level 8.9 Fighting
 - Level 0.1(5.1) Short Blades
 + Level 8.2 Long Blades
 * Level 9.4 Armour
 + Level 5.1 Dodging
 + Level 6.1 Shields
 - Level 3.0 Unarmed Combat
 + Level 7.2 Spellcasting
 + Level 4.5 Conjurations
 + Level 4.5 Transmutations
 * Level 6.8 Invocations


You had 19 spell levels left.
You knew the following spells:

 Your Spells              Type           Power      Damage    Failure   Level
a - Beastly Appendage     Tmut           34%        N/A       2%          1
b - Wereblood             Tmut           17%        N/A       3%          2
c - Magic Dart            Conj           68%        1d6       2%          1
d - Searing Ray           Conj           34%        3d4       3%          2

Your spell library contained the following spells:

 Spells                   Type           Power      Damage    Failure   Level
 Apportation              Tloc           10%        N/A       14%         1
 Summon Small Mammal      Summ           20%        N/A       14%         1
 Spider Form              Tmut/Pois      5%         N/A       17%         3
 Call Imp                 Summ           5%         N/A       22%         2
 Ensorcelled Hibernation  Hex/Ice        10%        N/A       22%         2
 Call Canine Familiar     Summ           5%         N/A       38%         3
 Gell's Gravitas          Tloc           2%         N/A       38%         3
 Lesser Beckoning         Tloc           2%         N/A       38%         3
 Summon Guardian Golem    Hex/Summ       5%         N/A       38%         3
 Teleport Other           Tloc           5%         N/A       38%         3
 Fulminant Prism          Conj/Hex       5%         3d7       47%         4
 Ice Form                 Ice/Tmut       11%        N/A       50%         4
 Animate Armour           Summ/Erth      10%        N/A       80%         4
 Alistair's Intoxication  Tmut/Pois      7%         N/A       83%         5
 Invisibility             Hex            2%         N/A       100%        6
 Shadow Creatures         Summ           N/A        N/A       100%        6
 Dragon's Call            Summ           2%         N/A       100%        9


Dungeon Overview and Level Annotations

Branches:
Dungeon (11/15)            Temple (1/1) D:4          Bailey (visited)
Gauntlet (1/1)
   Lair: D:8-11         Orc: D:9-12

Altars:
Ashenzari
Cheibriados
Dithmenos
Elyvilon
Fedhas
Gozag
Hepliaklqana
Kikubaaqudgha
Makhleb
Nemelex Xobeh
Okawaru
Qazlal
Ru
Sif Muna
Trog
Uskayaw
Vehumet
Wu Jian
Xom
Yredelemnul
Zin
The Shining One

Shops:
D:3 !

Annotations:
Gauntlet 6 transporters


Innate Abilities, Weirdness & Mutations

You have temporarily grown beastly horns and talons.
You are immune to sickness and miasma.
Your stone body is resilient. (AC +8)
You are immune to poison.
You resist negative energy. (rN+)
You are resistant to electric shocks. (rElec)
You are resistant to unholy torment.
You are immune to petrification.


Message History

Your primal bloodlust has ended.
There is a transporter here.
You enter the transporter and appear at another place.
A minotaur comes into view.
It is wielding a +1 rapier of flaming, wearing a +3 scale mail of fire resistance and quivering silver javelins.
The minotaur bellows!
The minotaur throws a silver javelin.
The silver javelin pierces through you but does no damage.
You start removing your amulet.
You continue taking off your amulet of regeneration. x2
The minotaur throws a silver javelin.
Keep disrobing? [Y]es or [N]o only, please.
Keep disrobing? [Y]es or [N]o only, please.
Keep disrobing?
You stop removing your amulet.
The silver javelin pierces through you!!
You grow a pair of large bovine horns.
Your feet morph into talons.
Okay, then.
Okay, then.
You hit the minotaur but do no damage.
You claw the minotaur, but do no damage.
The minotaur hits you with a +1 rapier of flaming!!
The minotaur burns you.
* * * LOW HITPOINT WARNING * * *
You block the minotaur's attack.
You hit the minotaur but do no damage. You block the minotaur's attack.
The minotaur gores you.
* * * LOW HITPOINT WARNING * * *
You slice the minotaur!! You headbutt the minotaur.
The minotaur is moderately wounded.
The minotaur hits you with a +1 rapier of flaming.
* * * LOW HITPOINT WARNING * * *
The minotaur burns you.
* * * LOW HITPOINT WARNING * * *
The minotaur barely misses you.
You hit the minotaur. You claw the minotaur.
The minotaur is moderately wounded.
The minotaur hits you with a +1 rapier of flaming!
You die...

#
#8.8.8..©.©..8.8.8#
###
#≈...............≈#
###.#.#######.#.###
#.#....# ..#.#
#.#.##.#.##
#.......H..
#.#..##'## #.#.H#
#...@# ###8.# ####


You could see a minotaur.

Vanquished Creatures
  Harold (D:8)
  A hydra (D:10)
  5 death yaks (Gauntlet)
  A two-headed ogre (D:10)
  A hell hog (Gauntlet)
  A soul eater (Gauntlet)
  A torpor snail (Gauntlet)
  Maggie (D:7)
  A hornet (D:8)
  A shadow (D:10)
  A wraith (D:9)
  A wyvern (D:10)
  11 yaks
  4 fire bats (Gauntlet)
  3 vampire mosquitoes (D:10)
  An acid dragon (D:10)
  3 hell hounds (Gauntlet)
  A water moccasin (D:7)
  2 orc warriors (Bailey)
  2 ice beasts
  A black bear (D:8)
  2 ogres
  7 centaurs
  A phantom (D:5)
  4 kobold brigands
  A bullfrog (D:6)
  3 water moccasin skeletons (D:5)
  13 killer bees
  5 wights (D:7)
  2 howler monkeys (D:9)
  An electric eel (D:7)
  4 crimson imps (D:6)
  4 centaur zombies
  2 lava snakes (D:8)
  2 orc priests
  A gnoll shaman (D:6)
  5 hounds
  A jelly (D:7)
  2 iguanas
  3 orc wizards
  9 gnolls
  3 adders
  4 shadow imps
  A white imp (D:5)
  3 worms
  A dart slug (D:2)
  14 orcs
  4 ball pythons
  7 bats
  4 endoplasms
  3 giant cockroaches
  6 hobgoblins
  3 jackals (D:4)
  3 quokkas
  A frilled lizard (D:2)
  13 goblins
  32 kobolds
  3 rats
221 creatures vanquished.

Vanquished Creatures (others)
  An orc wizard (D:7)
  27 demonic plants (Gauntlet)
28 creatures vanquished.

Grand Total: 249 creatures vanquished

Notes
Turn   | Place    | Note
-------+----------+-------------------------------------------
     0 | D:1      | Cykl0x the Gargoyle Transmuter began the quest for the Orb.
     0 | D:1      | Reached XP level 1. HP: 12/12 MP: 3/3
   780 | D:1      | Reached XP level 2. HP: 14/16 MP: 3/5
   783 | D:1      | Learned a level 2 spell: Wereblood
  1260 | D:2      | Found a basalt altar of Yredelemnul.
  1288 | D:2      | Reached skill level 1 in Armour
  1359 | D:2      | Reached XP level 3. HP: 21/21 MP: 4/6
  1493 | D:2      | Found a faded altar of an unknown god.
  1852 | D:2      | Reached XP level 4. HP: 10/26 MP: 4/7
  1855 | D:2      | Reached skill level 1 in Long Blades
  2000 | D:3      | Noticed an ice beast
  2007 | D:3      | Killed an ice beast
  2008 | D:3      | Reached skill level 2 in Armour
  2008 | D:3      | Reached XP level 5. HP: 32/32 MP: 6/9
  2316 | D:3      | Reached XP level 6. HP: 36/36 MP: 10/10
  2343 | D:3      | Found Cike's Distillery.
  2352 | D:3      | Bought 2 potions of curing for 60 gold pieces
  2352 | D:3      | Bought a potion of mutation for 80 gold pieces
  2693 | D:4      | Identified the +0 leather armour "Okevaixo" {Str+4}
  2786 | D:4      | Identified the ring of Traps {rF+ rN+}
  2812 | D:4      | Found a staircase to the Ecumenical Temple.
  2835 | D:4      | Learned a level 1 spell: Magic Dart
  2837 | Temple   | Entered the Ecumenical Temple
  2951 | D:4      | Found a shimmering blue altar of Sif Muna.
  3112 | D:5      | Entered Level 5 of the Dungeon
  3168 | D:5      | Reached XP level 7. HP: 41/41 MP: 5/12
  3223 | D:5      | Found a glowing silver altar of Zin.
  3254 | D:5      | Reached skill level 3 in Armour
  4161 | D:6      | Reached XP level 8. HP: 46/48 MP: 11/13
  4218 | D:6      | Reached skill level 4 in Armour
  4289 | D:6      | Identified the +6 whip of Desperation {vorpal, rF- rN+
                  | Int+2}
  4397 | D:6      | Reached skill level 1 in Conjurations
  4507 | D:6      | Found a shimmering altar of Xom.
  4632 | D:6      | Learned a level 2 spell: Searing Ray
  4671 | D:6      | Reached skill level 5 in Armour
  4674 | D:6      | Reached skill level 5 in Fighting
  4756 | D:6      | Found an ancient bone altar of Kikubaaqudgha.
  5000 | D:7      | Reached XP level 9. HP: 54/54 MP: 9/16
  5047 | D:7      | Found a sacrificial altar of Ru.
  5159 | D:7      | Reached skill level 5 in Long Blades
  5251 | D:7      | Found a shadowy altar of Dithmenos.
  5423 | D:7      | Found a white marble altar of Elyvilon.
  5428 | D:7      | Became a worshipper of Elyvilon the Healer
  5486 | D:7      | Noticed Maggie
  5505 | D:7      | Killed Maggie
  5506 | D:7      | Reached skill level 6 in Armour
  5506 | D:7      | Reached skill level 5 in Spellcasting
  5506 | D:7      | Reached skill level 1 in Invocations
  5917 | D:8      | Reached * piety under Elyvilon
  5960 | D:8      | Noticed a hornet
  5968 | D:8      | Killed a hornet
  6085 | D:8      | Found a stormy altar of Qazlal.
  6549 | D:8      | Reached XP level 10. HP: 58/60 MP: 8/18
  6806 | D:8      | Noticed Harold
  6822 | D:8      | Killed Harold
  7072 | D:9      | Found a flagged portal.
  7081 | Bailey   | Entered a bailey
  7086 | Bailey   | Noticed an orc warlord
  7144 | Bailey   | Reached skill level 7 in Armour
  7307 | Bailey   | Found a runed translucent gate.
  7309 | Bailey   | Found a runed translucent gate.
  7311 | Bailey   | Found a runed translucent gate.
  7726 | Bailey   | HP: 3/61 [orc warlord (29)]
  7751 | Bailey   | Got the Collected Works on the Escort
  7783 | D:8      | Reached skill level 5 in Invocations
  7783 | D:8      | Reached XP level 11. HP: 62/68 MP: 14/20
  7784 | D:8      | Acquired 418 gold pieces
  7952 | D:9      | Reached skill level 8 in Armour
  8000 | D:9      | Reached ** piety under Elyvilon
  8132 | D:9      | Found a blossoming altar of Fedhas.
  8346 | D:10     | Entered Level 10 of the Dungeon
  8346 | D:10     | Noticed a two-headed ogre
  8353 | D:10     | Killed a two-headed ogre
  8360 | D:10     | Reached skill level 5 in Shields
  8893 | D:10     | Found a glowing golden altar of the Shining One.
  8942 | D:10     | Reached *** piety under Elyvilon
  8970 | D:10     | Fell from the grace of Elyvilon
  8970 | D:10     | Became a worshipper of the Shining One
  8970 | D:10     | Reached * piety under the Shining One
  9274 | D:10     | Reached XP level 12. HP: 61/73 MP: 16/22
  9352 | D:10     | Noticed a five-headed hydra
  9364 | D:10     | Killed a five-headed hydra
  9635 | D:11     | Found a gate leading to a gauntlet.
  9639 | Gauntlet | Entered a Gauntlet
  9639 | Gauntlet | Noticed a soul eater
  9639 | Gauntlet | Found a transporter.
  9639 | Gauntlet | Found a transporter.
  9639 | Gauntlet | Found a transporter.
  9659 | Gauntlet | Found a transporter.
  9669 | Gauntlet | Found a transporter.
  9673 | Gauntlet | Found a transporter.
  9706 | Gauntlet | Noticed a quicksilver ooze
  9713 | Gauntlet | Found a transporter.
  9730 | Gauntlet | Noticed a hell hog
  9742 | Gauntlet | Noticed a death yak
  9742 | Gauntlet | Noticed a death yak
  9742 | Gauntlet | Noticed a death yak
  9742 | Gauntlet | Noticed a death yak
  9744 | Gauntlet | Noticed a death yak
  9744 | Gauntlet | Reached ** piety under the Shining One
  9758 | Gauntlet | Found a transporter.
  9758 | Gauntlet | Found a transporter.
  9869 | Gauntlet | Killed a soul eater
  9910 | Gauntlet | Found a transporter.
  9924 | Gauntlet | Killed a death yak
  9925 | Gauntlet | Reached skill level 9 in Armour
  9926 | Gauntlet | Killed a death yak
  9941 | Gauntlet | Killed a death yak
  9942 | Gauntlet | Reached skill level 5 in Dodging
  9956 | Gauntlet | Killed a death yak
  9969 | Gauntlet | Killed a death yak
  9983 | Gauntlet | Found a transporter.
  9990 | Gauntlet | Identified the amulet "Tuirghoida" {Faith Fly rF+ Slay+3
                  | Stlth+}
  9998 | Gauntlet | Found a transporter.
 10004 | Gauntlet | Killed a hell hog
 10037 | Gauntlet | Identified the +1 shortbow of the Throat {venom, SInv}
 10037 | Gauntlet | Noticed a minotaur
 10048 | Gauntlet | Slain by a minotaur

Illustrated notes

Levels and vault maps discovered:
D:1:      denvon_arrival_planthouse, layout_basic
D:2:      layout_loops_cross, basic_altar, serial_rivers,
          chequers_serial_rivers_large_b, chequers_serial_rivers_micro_e,
          chequers_serial_rivers_micro_b, chequers_serial_rivers_small_a,
          chequers_serial_rivers_micro_e, chequers_serial_rivers_micro_a,
          hellmonk_ecumenical_altar_leap_of_faith
D:3:      layout_rooms, serial_shops, nicolae_square_shop
D:4:      layout_rooms, nicolae_overflow_crystal_walls,
          minmay_temple_entry_slanted
D:5:      layout_rooms, nicolae_overflow_hidden_temple, serial_co_window_serial,
          co_window_paths_b, co_window_paths_a, co_window_of_opportunity_a,
          co_window_corner_a, co_window_paths_b, co_window_corner_b,
          co_window_unsneaky_path_e, co_window_corner_ca, co_window_corner_ca,
          co_window_corner_b, co_window_corner_b, co_window_corner_b,
          glass_columns_b, glass_columns_a
D:6:      layout_rooms, kiku_gazebo_garden_becter, led_xom_imps
D:7:      layout_rooms, grunt_dithmenos_smoke,
          mainiacjoe_overflow_catch_the_wave, minivault_4, uniq_maggie
D:8:      layout_basic, kennysheep_diamond, uniq_harold
D:9:      layout_gridville, lemuel_tele_altar, enter_bailey_2, feat_on_display
D:10:     layout_rooms, tso_metal_star, serial_rivers,
          chequers_serial_rivers_micro_e, chequers_serial_rivers_room_b,
          chequers_serial_rivers_small_b, chequers_serial_rivers_small_3,
          chequers_serial_rivers_micro_a, due_unseen_surprise
D:11:     layout_loops_corners, minmay_lair_entry_grove,
          kennysheep_orc_monster_closet_entryway, gauntlet_entry_generic,
          minmay_the_grid_square_5x5_3x3_mashed
          [minmay_the_grid_square_5x5_checkered_sparse,
          minmay_the_grid_square_5x5_n_small, minmay_the_grid_square_5x5_forky,
          minmay_the_grid_square_5x5_plus,
          minmay_the_grid_square_5x5_megaprize_checkered,
          minmay_the_grid_square_5x5_sharp_hourglass,
          minmay_the_grid_square_5x5_percent,
          minmay_the_grid_square_5x5_beaten_path,
          minmay_the_grid_square_5x5_pentomino_r], uniq_erolcha
Temple:   nicolae_temple_god_jail
Gauntlet: gammafunk_gauntlet_hard_choice [nicolae_gauntlet_arena_quarters,
          gammafunk_gauntlet_arena_crates, gammafunk_gauntlet_arena_chambers,
          gammafunk_gauntlet_arena_mazey, gammafunk_gauntlet_arena_hedges,
          gammafunk_gauntlet_arena_open, nicolae_gauntlet_exit_dead_adventurers]

Skill      XL: |  1  2  3  4  5  6  7  8  9 10 11 12 |
---------------+-------------------------------------+-----
Armour         | 1 2 3 5 6 7 8 9 |  9.4
Fighting       | 2 3 4 5 6 7 8 |  8.9
Long Blades    | 2 3 4 6 7 8 |  8.2
Transmutations | 2 3 4 |  4.5
Spellcasting   | 3 4 5 6 7 |  7.2
Dodging        | 2 3 4 5 |  5.1
Conjurations   | 2 4 |  4.5
Invocations    | 2 5 6 |  6.8
Shields        | 4 5 6 |  6.1
Short Blades   | |  0.1
Unarmed Combat | |  3.0

Action                   |  1- 3 |  4- 6 |  7- 9 | 10-12 || total
-------------------------+-------+-------+-------+-------++-------
Melee: Dagger            |    14 |       |       |       ||    14
       Kick              |     4 |    14 |    37 |    84 ||   139
       Unarmed           |     3 |       |       |       ||     3
       Headbutt          |     5 |     5 |    22 |    46 ||    78
       Scimitar          |    40 |    68 |   100 |       ||   208
       Short sword       |    12 |       |       |       ||    12
       Punch             |       |     1 |       |     1 ||     2
       Falchion          |       |       |    40 |   221 ||   261
 Cast: Beastly Appendage |    22 |    24 |    31 |    21 ||    98
       Wereblood         |     2 |     5 |     7 |    11 ||    25
       Magic Dart        |       |     5 |    42 |    47 ||    94
       Searing Ray       |       |       |     9 |    13 ||    22
Invok: Divine Shield     |       |       |       |     1 ||     1
Evoke: Wand              |       |       |     2 |     1 ||     3
  Use: Scroll            |     3 |       |     4 |    12 ||    19
       Potion            |     1 |       |       |     3 ||     4
Armor: Leather armour    |    32 |    33 |    82 |    73 ||   220
       Robe              |     1 |       |       |       ||     1
       Skin              |       |     1 |       |       ||     1
       Steam dragon scal |       |       |       |    28 ||    28
Dodge: Dodged            |    44 |    46 |   142 |   135 ||   367
Block: Buckler           |       |       |       |    87 ||    87
       Reflection        |       |       |       |     4 ||     4
       Rpst.: Scimitar   |     7 |    15 |    16 |       ||    38
       Falchion          |       |       |    12 |    49 ||    61
